 Dungeon Crawl Stone Soup version 0.21.1-1-g345015fe64 (webtiles) character file.

2667 Mrkan the Fighter (level 9, -8/98 HPs)
             Began as a Troll Monk on May 6, 2018.
             Was a Follower of Yredelemnul.
             Killed from afar by a fire dragon (31 damage)
             ... with a blast of flame
             ... summoned by the darkness of Dithmenos
             ... on level 7 of the Dungeon.
             The game lasted 00:16:39 (5543 turns).

Mrkan the Fighter (Troll Monk)                      Turns: 5543, Time: 00:16:39

Health: -8/98      AC:  6    Str: 21    XL:     9   Next: 37%
Magic:  8/8        EV: 11    Int:  6    God:    Yredelemnul [*.....]
Gold:   377        SH:  0    Dex: 15    Spells: 8/8 levels left

rFire    . . .     SeeInvis .     - Unarmed
rCold    . . .     Gourm    +   (no shield)
rNeg     . . .     Faith    .   a - +1 robe
rPois    .         Spirit   .   (helmet restricted)
rElec    .         Reflect  .   (no cloak)
rCorr    .         Harm     .   (gloves unavailable)
MR       .....                  (boots unavailable)
Stlth    ++........             (no amulet)
HPRegen  0.66/turn              (no ring)
MPRegen  0.11/turn              (no ring)

@: slowed, very slow
A: large, unfitting armour, claws 3, fast metabolism 3, gourmand, regeneration
1, shaggy fur 1, tough skin 2
a: Animate Remains, Renounce Religion


You were on level 7 of the Dungeon.
You worshipped Yredelemnul.
Yredelemnul was aware of your devotion.
You were very full.

You visited 2 branches of the dungeon, and saw 8 of its levels.

You collected 377 gold pieces.

Inventory:

Armour
 a - a +1 robe (worn)
Jewellery
 d - a cursed ring of stealth {unknown}
 o - an uncursed ring of magical power {unknown}
 s - a cursed ring of teleportation {unknown}
 t - a cursed amulet of guardian spirit {unknown}
Wands
 f - a wand of random effects (70)
 u - a wand of iceblast (7)
Scrolls
 c - 5 scrolls of fear
 e - 3 scrolls of magic mapping
 g - a scroll of immolation
 i - a scroll of enchant armour
 j - 3 scrolls of teleportation
 l - 4 scrolls of identify
 r - a scroll of amnesia
 y - a scroll of blinking
Potions
 h - a potion of heal wounds {unknown}
 k - 3 potions of haste
 m - 3 potions of curing
 n - a potion of lignification {unknown}
 p - 2 potions of flight
 q - 2 potions of ambrosia {unknown}
 v - a potion of degeneration {unknown}
 w - a potion of magic {unknown}
 x - a potion of agility {unknown}
Comestibles
 b - 11 rations
 z - 4 chunks of flesh


   Skills:
 + Level 9.1 Fighting
 - Level 2.4 Dodging
 - Level 1.0 Stealth
 - Level 8.1 Unarmed Combat


You had 8 spell levels left.
You didn't know any spells.

Dungeon Overview and Level Annotations

Branches:
Dungeon (7/15)             Temple (1/1) D:4

Altars:
Ashenzari
Cheibriados
Dithmenos
Elyvilon
Fedhas
Gozag
Hepliaklqana
Kikubaaqudgha
Nemelex Xobeh
Okawaru
Qazlal
Ru
Sif Muna
Trog
Uskayaw
Vehumet
Wu Jian
Xom
Yredelemnul
Zin
The Shining One

Shops:
D:6 [*   D:7 ?


Innate Abilities, Weirdness & Mutations

You are too large for most types of armour.
You have claws for hands.
Your metabolism is lightning-fast.
You like to eat raw meat.
Your natural rate of healing is unusually fast.
You are covered in fur. (AC +1)
You have very tough skin. (AC +2)


Message History

The acid dragon spits acid at you. The splash of acid misses you.
The fire dragon bites you. The fire dragon claws you.
The fire dragon tramples you.
You hold your ground!
You completely miss the acid dragon.
The acid dragon is severely wounded.
The fire dragon bites you. The fire dragon completely misses you.
The fire dragon tramples you!
You hold your ground!
The acid dragon bites you. The acid dragon misses you.
You mangle the acid dragon!!
You kill the acid dragon!
The acid dragon's corpse disappears in a puff of smoke!
The fire dragon bites you!
* * * LOW HITPOINT WARNING * * *
The fire dragon closely misses you. The fire dragon tramples you.
* * * LOW HITPOINT WARNING * * *
You hold your ground!
The fire dragon breathes flames at you. The blast of flame hits you!
You die...
Your body rises from the dead as a mindless zombie.

##### #...# #.#.#
####)#.####
#.@J.#..).####
#D#######....#
#....#..).##.#
####.#.#### #
#.#.# #.).# #.#.#
##.#########.#.#
#.#......##....
##.#..####.###...


You could see a fire dragon and a jelly.

Vanquished Creatures
  A two-headed ogre (D:5)
  The ghost of Mrkan the Shield-Bearer, an amateur FoFi (D:4)
  3 water moccasins (D:6)
  A black bear (D:6)
  An ogre (D:3)
  2 phantoms
  Blork the orc (D:5)
  3 bullfrogs
  A water moccasin skeleton (D:6)
  A howler monkey (D:7)
  2 crimson imps
  An orc priest (D:4)
  2 jellies (D:7)
  Terence (D:2)
  Ijyb (D:4)
  9 orc wizards
  6 worker ants
  A howler monkey zombie (D:6)
  3 gnolls (D:5)
  7 adders
  An adder skeleton (D:5)
  4 worms
  A dart slug (D:3)
  5 leopard geckos
  20 orcs
  6 bats
  8 giant cockroaches
  11 goblins
  10 hobgoblins
  4 jackals
  2 quokkas
  4 ball pythons
  A ball python skeleton (D:4)
  3 frilled lizards
  2 gnoll zombies (D:4)
  11 kobolds
  A leopard gecko zombie (D:5)
  A quokka skeleton (D:4)
  8 rats
151 creatures vanquished.

Notes
Turn   | Place    | Note
-------+----------+-------------------------------------------
     0 | D:1      | Mrkan the Troll Monk began the quest for the Orb.
     0 | D:1      | Reached XP level 1. HP: 22/22 MP: 0/0
   152 | D:1      | Reached XP level 2. HP: 26/29 MP: 1/1
   557 | D:1      | Reached XP level 3. HP: 29/36 MP: 2/2
   987 | D:2      | Noticed Terence
   995 | D:2      | Killed Terence
   995 | D:2      | Reached skill level 5 in Unarmed Combat
   995 | D:2      | Reached XP level 4. HP: 43/44 MP: 3/3
  1621 | D:2      | Found a stormy altar of Qazlal.
  1797 | D:3      | Reached XP level 5. HP: 46/50 MP: 4/4
  1820 | D:3      | Noticed an ogre
  1830 | D:3      | Killed an ogre
  2106 | D:3      | Reached XP level 6. HP: 48/59 MP: 5/5
  2535 | D:4      | Noticed Ijyb
  2536 | D:4      | Noticed Mrkan's ghost (amateur FoFi)
  2550 | D:4      | Killed Ijyb
  2559 | D:4      | Killed Mrkan's ghost
  2559 | D:4      | Reached XP level 7. HP: 33/66 MP: 6/6
  2663 | D:4      | Found a staircase to the Ecumenical Temple.
  2715 | Temple   | Entered the Ecumenical Temple
  2818 | Temple   | Became a worshipper of Dithmenos the Shadowed
  2818 | Temple   | Reached * piety under Dithmenos
  2818 | Temple   | Reached ** piety under Dithmenos
  3000 | D:4      | Reached *** piety under Dithmenos
  3004 | D:4      | Reached skill level 3 in Fighting
  3209 | D:4      | Found a basalt altar of Yredelemnul.
  3345 | D:4      | Found an ornate altar of the Wu Jian Council.
  3352 | D:4      | Found a sacrificial altar of Ru.
  3360 | D:4      | Found a sparkling altar of Nemelex Xobeh.
  3367 | D:4      | Found a deep blue altar of Sif Muna.
  3380 | D:4      | Found a hide-covered altar of Uskayaw.
  3387 | D:4      | Found a white marble altar of Elyvilon.
  3400 | D:4      | Found a bloodstained altar of Trog.
  3511 | D:4      | Fell from the grace of Dithmenos
  3511 | D:4      | Became a worshipper of Yredelemnul the Dark
  3572 | D:5      | Entered Level 5 of the Dungeon
  3636 | D:5      | Noticed Blork the orc
  3642 | D:5      | Killed Blork the orc
  3718 | D:5      | Reached skill level 4 in Fighting
  3765 | D:5      | Noticed a two-headed ogre
  3783 | D:5      | Killed a two-headed ogre
  3783 | D:5      | Reached skill level 6 in Fighting
  3783 | D:5      | Reached XP level 8. HP: 48/84 MP: 7/7
  4049 | D:5      | Found a deep blue altar of Sif Muna.
  4354 | D:6      | Reached skill level 7 in Fighting
  4503 | D:6      | Found Rerad's Armour Boutique.
  4715 | D:6      | Found Yfohe's Serpentskin Sales.
  4725 | D:6      | Reached skill level 8 in Fighting
  4725 | D:6      | Reached XP level 9. HP: 79/96 MP: 8/8
  4727 | D:6      | Reached * piety under Yredelemnul
  5196 | D:7      | Found a blossoming altar of Fedhas.
  5291 | D:7      | Reached skill level 9 in Fighting
  5532 | D:7      | Found Loustuic's Magic Scroll Shoppe.
  5539 | D:7      | Noticed a fire dragon
  5543 | D:7      | Killed from afar by a fire dragon

Skill      XL: |  1  2  3  4  5  6  7  8  9 |
---------------+----------------------------+-----
Unarmed Combat | 4 5 6 8 |  8.1
Fighting       | 6 8 9 |  9.1
Dodging        | |  2.4
Stealth        | |  1.0

Action                   |  1- 3 |  4- 6 |  7- 9 || total
-------------------------+-------+-------+-------++-------
Melee: Unarmed           |    76 |   120 |   207 ||   403
       Punch             |       |     1 |    12 ||    13
  Use: Scroll            |       |    13 |       ||    13
       Potion            |       |     1 |     1 ||     2
 Stab: Sleeping          |       |     1 |     2 ||     3
  Eat: Chunk             |    15 |    14 |    27 ||    56
Armor: Robe              |    34 |    54 |    87 ||   175
Dodge: Dodged            |    35 |    64 |   104 ||   203
